 Dungeon Crawl Stone Soup version 0.31.0-11-ge490571c62 (webtiles) character file.

Game seed: 9651476034672561719

21044 ezpacito the Cleaver (level 12, 0/94 HPs)
             Began as a Demonspawn Berserker on Jan 31, 2024.
             Was a High Priest of Trog.
             Slain by a rockslime (15 damage)
             ... on level 12 of the Dungeon.
             The game lasted 00:20:54 (13235 turns).

ezpacito the Cleaver (Demonspawn Berserker)        Turns: 13235, Time: 00:20:55

Health: 0/94       AC: 13    Str: 20    XL:     12   Next: 50%
Magic:  11/12      EV: 18    Int:  9    God:    Trog [*****.]
Gold:   813        SH:  5    Dex: 14    Spells: 11/11 levels left

rFire   + . .        U - +10 morningstar "Eos" {elec, Halo rElec}
rCold   + . .        (no shield)
rNeg    + . .        m - +0 steam dragon scales
rPois   +            V - -2 hat of the Alchemist {rElec rPois rF+ rC+ rN+ Will+ rMut rCorr}
rElec   +            G - scarf {+Inv}
rCorr   +            l - +2 pair of gloves
SInv    .            d - +0 pair of boots
Will    +....        w - amulet of reflection
Stlth   ++           u - +4 ring of protection
HPRegen 0.35/turn    K - ring of flight
MPRegen 0.13/turn

%: reflection, resist mutation
@: flying, glowing
A: repulsion field 2, demonic guardian 2, ignite blood 3, weakness stinger 1
a: Renounce Religion, Evoke Invisibility, Berserk, Trog's Hand, Brothers in Arms


You were on level 12 of the Dungeon.
You worshipped Trog.
Trog was extremely pleased with you.
You visited 2 branches of the dungeon, and saw 13 of its levels.
You also visited: Sewer.

You collected 813 gold pieces.

Inventory:

Hand Weapons
 g - a +2 orcbow of flaming
 t - a +0 battleaxe
 D - a +1 hand axe of distortion
 O - a +4 scimitar of flaming
 P - a +1 heavy war axe
 U - the +10 morningstar "Eos" (weapon) {elec, Halo rElec}
   (You found it on level 12 of the Dungeon)

   Halo:      It grants its wielder a halo, revealing invisible creatures and
   increasing accuracy against all within it other than the wielder.
   rElec:     It insulates you from electricity.
Missiles
 h - 99 stones (quivered)
 i - a boomerang
 q - 39 poisoned darts
 x - a throwing net
Armour
 a - a +0 plate armour
 d - a +0 pair of boots (worn)
 l - a +2 pair of gloves (worn)
 m - +0 steam dragon scales (worn)
 G - a scarf of invisibility (worn)
 T - a +2 helmet of intelligence
 V - the -2 hat of the Alchemist (worn) {rElec rPois rF+ rC+ rN+ Will+ rMut rCorr}
   (You found it on level 12 of the Dungeon)

   rF+:       It protects you from fire.
   rC+:       It protects you from cold.
   rElec:     It insulates you from electricity.
   rPois:     It protects you from poison rN+: It protects you from negative
   energy.
   Will+:     It increases your willpower.
   rCorr:     It protects you from acid and corrosion.
   rMut:      It protects you from mutation.
Jewellery
 u - a +4 ring of protection (left hand)
 w - an amulet of reflection (around neck)
 z - an amulet of guardian spirit
 A - an amulet of faith
 J - a ring of fire
 K - a ring of flight (right hand)
 N - an amulet of magic regeneration
Wands
 k - a wand of roots (3)
 y - a wand of digging (5)
 B - a wand of polymorph (7)
 M - a wand of charming (8)
 R - a wand of mindburst (4)
 S - a wand of flame (17)
Scrolls
 e - a scroll of fog
 j - 2 scrolls of enchant armour
 o - 4 scrolls of fear
 p - 4 scrolls of teleportation
 r - 2 scrolls of enchant weapon
 s - a scroll of immolation
 v - 3 scrolls of poison
 H - a scroll of noise
 I - a scroll of revelation
Potions
 b - 8 potions of curing
 c - 6 potions of heal wounds
 f - a potion of might
 n - a potion of invisibility
 C - a potion of enlightenment
 E - a potion of haste {unknown}
 F - a potion of resistance {unknown}
 L - a potion of attraction {unknown}
 Q - 2 potions of magic {unknown}


   Skills:
 * Level 8.5 Fighting
 * Level 12.8 Axes
 + Level 1.9(8.4) Maces & Flails
 * Level 6.7 Armour
 * Level 6.8 Dodging
 * Level 6.5 Stealth
 - Level 1.0 Shields
 * Level 5.6 Unarmed Combat
 * Level 2.4 Evocations


You had 11 spell levels left.
You didn't know any spells.
Your spell library contained the following spells:

 Spells                   Type           Power      Damage    Failure   Level
 Foxfire                  Conj/Fire      0%         2x1d4     38%         1
 Kiss of Death            Conj/Necr      0%         2d5       38%         1
 Slow                     Hex            0%         N/A       38%         1
 Summon Small Mammal      Summ           0%         N/A       38%         1
 Cigotuvi's Dreadful Rot  Necr/Alch/Air  0%         N/A       52%         2
 Ensorcelled Hibernation  Hex/Ice        0%         N/A       52%         2
 Call Canine Familiar     Summ           0%         N/A       77%         3
 Passwall                 Erth           0%         N/A       77%         3
 Swiftness                Air            0%         N/A       77%         3
 Ignite Poison            Fire/Alch      0%         N/A       99%         4
 Summon Blazeheart Golem  Fire/Summ      0%         N/A       99%         4
 Freezing Cloud           Conj/Ice/Air   0%         6-21      100%        5


Dungeon Overview and Level Annotations

Branches:
Dungeon (12/15)            Temple (1/1) D:5            Lair (0/5) D:8
    Orc (0/2) D:9           Sewer (visited)

Altars:
Ashenzari
Cheibriados
Dithmenos
Fedhas
Gozag
Hepliaklqana
Kikubaaqudgha
Makhleb
Nemelex Xobeh
Okawaru
Qazlal
Ru
Sif Muna
Trog
Uskayaw
Vehumet
Wu Jian
Xom
Yredelemnul
Jiyva

Shops:
D:8 =

Annotations:
D:12 cdecastro's ghost, journeyman DEFE


Innate Abilities, Weirdness & Mutations

You are surrounded by a moderate repulsion field. (EV +3)
A demonic guardian rushes to your aid.
Your demonic aura causes all spilled blood to erupt in flames.
You have a small tail.


Message History

You feel much better.
Your surroundings suddenly seem different.
Okay, then.
The air fills with toxic fumes!
As you read the scroll of poison, it crumbles to dust.
You start resting.
A rockslime is nearby!
A rockslime is nearby!
A rockslime is nearby!
Aiming: Throw Flame
Press: ? - help, Shift-Dir - straight line, f - rockslime
Aim: a rockslime (poison gas, wandering, hasn't noticed you, 100% to hit)
The puff of flame hits the rockslime but does no damage.
The rockslime quivers.
Aiming: Fastroot
Press: ? - help, Shift-Dir - straight line, f - you, p - rockslime The roots erupt in riotous growth!
Aiming: Fastroot
Press: ? - help, Shift-Dir - straight line The roots erupt in riotous growth!
The rockslime is unaffected.
The acid blob is unaffected.
The acid blob spits acid at you. The splash of acid hits you. You resist.
Unknown command.
Aiming: Throw Flame
Press: ? - help, Shift-Dir - straight line, f - acid blob
Aim: an acid blob (98% to hit)
The puff of flame hits the rockslime.
The rockslime completely resists.
Aiming: Polymorph
Press: ? - help, Shift-Dir - straight line, f - rockslime, p - acid blob
Aim: a rockslime (haloed, will become a juggernaut, a titan, or a golden dragon, chance to affect: 22%)
Okay, then.
Unknown command.
You hit the rockslime but do no damage. The rockslime closely misses you.
You hit the rockslime but do no damage. The rockslime hits you!
A demonic guardian appears!
You are shoved backwards!
You feel much better. The rockslime hits you!!!
* * * LOW HITPOINT WARNING * * *
You are shoved backwards!
The rockslime hits you!
You die...

####### #.....######
########### #.@........#
..........#
#4J#######.########
##.######.# #.J#####
#.........
#.######.#####..#...#
#.###.####
#.##...>.......J#...###.###.#
#.##.#########..#...........#
#.##.# #..#).###'###..####
#.##.#
######J...##.##..##.....
#.##.#
#........##..)##..##....


You could see 2 acid blobs, an azure jelly, a rockslime (ally target) and a
friendly ice devil (summoned).

Vanquished Creatures
  Erica (D:11)
  A centaur warrior (D:12)
  A two-headed ogre (D:12)
  An orc knight (D:12)
  A deep elf pyromancer (D:12)
  Pikel (D:6)
  3 ugly things
  2 cyclopes
  2 manticores
  An unseen horror zombie (D:8)
  2 kobold demonologists
  A komodo dragon (D:11)
  3 trolls
  Grinder (D:4)
  3 shadows
  20 yaks
  4 slime creatures (D:12)
  A wyvern (D:8)
  3 wraiths
  Eustachio (D:4)
  2 basilisks (D:8)
  3 steam dragons
  11 vampire mosquitoes
  3 acid dragons
  3 water moccasins
  2 orc warriors
  An ice beast (D:6)
  2 sky beasts (D:7)
  Pargi (Sewer)
  A hornet zombie (D:8)
  2 black bears (D:8)
  5 ogres
  A phantom (D:9)
  5 centaurs
  5 kobold brigands
  A bullfrog (D:9)
  A wyvern zombie (D:8)
  Blork the orc (D:4)
  A gnoll sergeant (D:9)
  4 necrophages (D:8)
  3 scorpions
  7 wights (D:9)
  13 killer bees
  An electric eel (D:11)
  2 hounds
  3 bombardier beetles
  3 orc priests
  A jelly (D:7)
  2 gnoll boudas (D:9)
  4 iguanas
  12 orc wizards
  8 ogre zombies (D:9)
  14 gnolls (D:9)
  6 adders
  2 shadow imps
  A white imp (D:7)
  5 dart slugs
  4 ribbon worms
  28 orcs
  2 endoplasms
  5 giant cockroaches
  5 gnoll zombies (D:9)
  5 goblins
  6 hobgoblins
  5 jackals
  19 kobolds
  4 quokkas
  5 ball pythons
  3 bats
  5 frilled lizards
  3 gnoll skeletons (D:9)
  A goblin skeleton (D:5)
  A goblin zombie (D:5)
  3 hobgoblin zombies (D:5)
  3 kobold skeletons (D:5)
  5 orc skeletons
  13 orc zombies
  5 rats
325 creatures vanquished.

Vanquished Creatures (collateral kills)
  A manticore (D:10)
  A yak (D:8)
  A wraith (D:12)
  A steam dragon (D:7)
  A vampire mosquito (D:12)
  An orc warrior (D:9)
  3 killer bees (D:9)
  A bombardier beetle (D:7)
  A shadow imp (D:7)
  A white imp (D:8)
12 creatures vanquished.

Vanquished Creatures (others)
  An orc wizard (D:6)
1 creature vanquished.

Grand Total: 338 creatures vanquished

Notes
Turn   | Place    | Note
-------+----------+-------------------------------------------
     0 | D:1      | ezpacito the Demonspawn Berserker began the quest for the
                  | Orb.
     0 | D:1      | Reached XP level 1. HP: 18/18 MP: 1/1
   328 | D:1      | Gained mutation: You are surrounded by a mild repulsion
                  | field. (EV +2) [demonic ancestry]
   328 | D:1      | Reached XP level 2. HP: 24/24 MP: 2/2
   381 | D:1      | Reached skill level 3 in Axes
  1132 | D:2      | Gained mutation: Your demonic aura sometimes causes spilled
                  | blood to erupt in flames. [demonic ancestry]
  1132 | D:2      | Reached XP level 3. HP: 28/29 MP: 3/3
  1224 | D:2      | Reached skill level 1 in Stealth
  1365 | D:2      | Reached ** piety under Trog
  1718 | D:3      | Found a glowing drain.
  1738 | D:3      | Reached XP level 4. HP: 30/35 MP: 4/4
  1747 | Sewer    | Entered a sewer
  1836 | Sewer    | Noticed Pargi
  1846 | Sewer    | Killed Pargi
  1847 | Sewer    | Reached skill level 4 in Axes
  1847 | Sewer    | Reached skill level 1 in Unarmed Combat
  1847 | Sewer    | Gained mutation: You have a small tail. [demonic ancestry]
  1847 | Sewer    | Reached XP level 5. HP: 41/41 MP: 5/5
  2151 | D:3      | Found a faded altar of an unknown god.
  2365 | D:3      | Found a shadowy altar of Dithmenos.
  2559 | D:4      | Noticed Grinder
  2577 | D:4      | You fall into a shaft and drop 2 floors!
  2596 | D:6      | Noticed a centaur
  2605 | D:6      | Killed a centaur
  2606 | D:6      | Gained mutation: A weak demonic guardian rushes to your
                  | aid. [demonic ancestry]
  2606 | D:6      | Reached XP level 6. HP: 30/48 MP: 6/6
  2698 | D:5      | Entered Level 5 of the Dungeon
  2925 | D:4      | Reached skill level 5 in Axes
  3283 | D:4      | Gained mutation: Your demonic aura often causes spilled
                  | blood to erupt in flames. [demonic ancestry]
  3283 | D:4      | Reached XP level 7. HP: 51/54 MP: 7/7
  3300 | D:4      | Found a bloodstained altar of Trog.
  3442 | D:4      | Killed Grinder
  3463 | D:4      | Noticed Blork the orc
  3474 | D:4      | Killed Blork the orc
  3704 | D:4      | Found a basalt altar of Yredelemnul.
  3971 | D:5      | Reached skill level 6 in Axes
  4139 | D:5      | Reached *** piety under Trog
  4253 | D:5      | Found a staircase to the Ecumenical Temple.
  4262 | Temple   | Entered the Ecumenical Temple
  4860 | D:4      | Noticed Eustachio
  4860 | D:4      | Found a sacrificial altar of Ru.
  4868 | D:4      | Killed Eustachio
  4869 | D:4      | Reached XP level 8. HP: 61/61 MP: 8/8
  5014 | D:6      | Noticed Pikel
  5021 | D:6      | Killed Pikel
  5022 | D:6      | Reached skill level 7 in Axes
  5090 | D:6      | Noticed a kobold demonologist
  5100 | D:6      | Killed a kobold demonologist
  5101 | D:6      | Reached skill level 5 in Fighting
  5101 | D:6      | Reached skill level 8 in Axes
  5101 | D:6      | Gained mutation: A demonic guardian rushes to your aid.
                  | [demonic ancestry]
  5101 | D:6      | Reached XP level 9. HP: 68/68 MP: 9/9
  5243 | D:6      | Found a shimmering blue altar of Sif Muna.
  5676 | D:6      | Found a hazy altar of Hepliaklqana.
  6082 | D:7      | Reached skill level 9 in Axes
  7000 | D:8      | Found a staircase to the Lair.
  7010 | D:8      | Reached XP level 10. HP: 76/76 MP: 10/10
  7014 | D:8      | Reached skill level 5 in Armour
  7060 | D:8      | Reached skill level 10 in Axes
  7073 | D:8      | Reached **** piety under Trog
  7386 | D:8      | Found Wacreg's Jewellery Boutique.
  7488 | D:8      | Found an ornate altar of the Wu Jian Council.
  7532 | D:8      | Found a blossoming altar of Fedhas.
  7599 | D:8      | Reached skill level 5 in Stealth
  8308 | D:8      | Reached skill level 5 in Dodging
  8439 | D:9      | Reached skill level 1 in Shields
  8478 | D:9      | Gained mutation: You are surrounded by a moderate repulsion
                  | field. (EV +3) [demonic ancestry]
  8478 | D:9      | Reached XP level 11. HP: 59/83 MP: 11/11
  8480 | D:9      | Reached skill level 11 in Axes
  8689 | D:9      | Found a staircase to the Orcish Mines.
  8716 | D:9      | Reached ***** piety under Trog
  8857 | D:9      | Found a burning altar of Makhleb.
  8857 | D:9      | Found a sparkling altar of Nemelex Xobeh.
  9587 | D:10     | Entered Level 10 of the Dungeon
  9666 | D:10     | Found an opulent altar of Gozag.
 10192 | D:10     | Noticed a purple ugly thing
 10201 | D:10     | Killed a purple ugly thing
 10755 | D:11     | Noticed Erica
 10769 | D:11     | Killed Erica
 10824 | D:11     | Noticed a red ugly thing
 10835 | D:11     | Killed a red ugly thing
 10836 | D:11     | Reached skill level 12 in Axes
 10836 | D:11     | Reached skill level 5 in Unarmed Combat
 11338 | D:11     | Received a gift from Trog
 11421 | D:11     | Found a transporter.
 11456 | D:11     | Found a transporter.
 11536 | D:11     | Found a transporter.
 11538 | D:11     | Got Oschixt's Beginning Course on Wizarding
 11559 | D:11     | Found a transporter.
 11741 | D:12     | Noticed a red ugly thing
 11750 | D:12     | Killed a red ugly thing
 11917 | D:12     | Noticed a deep elf pyromancer
 11928 | D:12     | Killed a deep elf pyromancer
 11929 | D:12     | Reached skill level 1 in Evocations
 11963 | D:12     | Found a runed translucent gate.
 11963 | D:12     | Found a runed translucent gate.
 11963 | D:12     | Noticed an acid blob
 11963 | D:12     | Noticed an acid blob
 11963 | D:12     | Noticed an azure jelly
 11964 | D:12     | Found a runed translucent gate.
 11964 | D:12     | Noticed an acid blob
 11964 | D:12     | Noticed an acid blob
 11964 | D:12     | Noticed cdecastro's ghost (journeyman DEFE)
 11964 | D:12     | Noticed an acid blob
 11981 | D:12     | Noticed an azure jelly
 11981 | D:12     | Noticed an azure jelly
 11981 | D:12     | Noticed a rockslime
 11981 | D:12     | Noticed a glowing orange brain
 11982 | D:12     | Noticed an azure jelly
 12001 | D:12     | Gained mutation: Your demonic aura causes all spilled blood
                  | to erupt in flames. [demonic ancestry]
 12001 | D:12     | Reached XP level 12. HP: 87/92 MP: 12/12
 12304 | D:12     | Noticed a centaur warrior
 12315 | D:12     | Killed a centaur warrior
 12500 | D:12     | Found the +10 morningstar "Eos" {elec, Halo rElec}
 12500 | D:12     | Found the -2 hat of the Alchemist {rElec rPois rF+ rC+ rN+
                  | Will+ rMut rCorr}
 12586 | D:12     | Noticed a two-headed ogre
 12768 | D:12     | Killed a two-headed ogre
 12769 | D:12     | Reached skill level 1 in Maces & Flails
 13197 | D:12     | Noticed an acid blob
 13198 | D:12     | Found a viscous altar of Jiyva.
 13235 | D:12     | Slain by a rockslime

Illustrated notes

Levels and vault maps discovered:
D:1:      dpeg_arrival_round_a, layout_basic, serial_glass, glass_columns_a,
          glass_columns_a, feat_on_display, minmay_strange_pillars,
          minmay_small_reverse_x
D:2:      layout_rooms, kennysheep_generic_room_11
D:3:      layout_basic, mainiacjoe_overflow_boulevard,
          shapermc_ecumenical_altar_totnotflames, portal_sewer_entry_f,
          st_stairs_11, minmay_misc_feat_pillars, kennysheep_pointless_box,
          hangedman_abyss_or_decor_stabs
D:4:      layout_loops_corners, nicolae_overflow_hidden_temple,
          mainiacjoe_overflow_concentric_impassable, uniq_grinder,
          uniq_blork_the_orc, uniq_eustachio
D:5:      layout_gridville, nicolae_tso_besieged_by_evil,
          minmay_temple_entry_trees
D:6:      layout_basic, kennysheep_orc_sif_temple, elyvilon_altar_1,
          nicolae_overflow_crystal_walls, uniq_pikel
D:7:      layout_basic
D:8:      layout_gridville, nicolae_wu_jian_glorious_leap,
          fedhas_altar_decomposition, minmay_lair_entry_grove, serial_shops,
          nicolae_shop_behind_doors
D:9:      layout_small_grid, gammafunk_temple_overflow_pools, zombieorc2_lemuel
D:10:     layout_roguey, grunt_gozag_breadcrumbs
D:11:     layout_basic, nicolae_diode_intersection, uniq_erica
D:12:     minmay_the_grid_octo_tiled_squarecenter [minmay_the_grid_octo_chip,
          minmay_the_grid_octo_tetromino_candy, minmay_the_grid_octo_empty,
          minmay_the_grid_octo_77, minmay_the_grid_square_5x5_megaprize_hollow,
          minmay_the_grid_square_5x5_three_small,
          minmay_the_grid_square_5x5_three_walls,
          minmay_the_grid_square_5x5_trominoes,
          minmay_the_grid_square_5x5_bite], layout_loops_ring,
          gammafunk_ghost_ooze
Temple:   grunt_temple_mini_profane

Skill      XL: |  1  2  3  4  5  6  7  8  9 10 11 12 |
---------------+-------------------------------------+-----
Axes           | 3 4 5 6 8 9 10 12 | 12.8
Dodging        | 2 3 4 5 6 |  6.8
Stealth        | 1 2 3 4 5 6 |  6.5
Armour         | 2 3 4 5 6 |  6.7
Unarmed Combat | 1 2 3 4 5 |  5.6
Fighting       | 4 5 6 8 |  8.5
Shields        | 1 |  1.0
Evocations     | 1 2 |  2.4
Maces & Flails | 1 |  1.9

Action                     |  1- 3 |  4- 6 |  7- 9 | 10-12 || total
---------------------------+-------+-------+-------+-------++-------
  Melee: Hand axe          |   127 |    60 |       |       ||   187
         Tailslap          |       |    11 |    41 |    98 ||   150
         Punch             |       |     3 |     5 |    26 ||    34
         War axe           |       |    33 |   237 |   445 ||   715
         Morningstar       |       |       |       |    55 ||    55
 Invoke: Berserk           |     2 |     4 |     6 |    10 ||    22
  Evoke: Wand              |       |       |       |     7 ||     7
    Use: Scroll            |       |     5 |     3 |     8 ||    16
         Potion            |       |     1 |       |     9 ||    10
   Stab: Sleeping          |       |     1 |       |     2 ||     3
         Distracted        |       |       |     1 |       ||     1
 Armour: Animal skin       |    86 |    20 |       |       ||   106
         Chain mail        |       |    36 |       |       ||    36
         Plate armour      |       |    18 |   190 |       ||   208
         Steam dragon scal |       |       |     2 |   343 ||   345
  Dodge: Dodged            |    97 |    73 |    96 |   459 ||   725
  Block: Other             |       |       |    15 |   120 ||   135
         Reflection        |       |       |       |     6 ||     6
